AAA
MOSCOW MULES @ QUEBEC FIGHTING QUAKERS
05/03/2060
 
TOP OF THE 1ST
Moscow Mules batting - Pitching for Quebec Fighting Quakers : RHP Evan LaFreniere
Pitching: RHP Evan LaFreniere
Batting: SHB Irv Macura 0-0: Ground out 3-1 (Groundball, 34, EV 85.0 MPH)
Batting: RHB Vince Fowler 0-0: Fly out, F8 (Flyball, 8RD, EV 98.8 MPH)
Batting: LHB Billy Collins 0-0: Ball
1-0: Fly out, F6 (Flyball, 6MD, EV 80.0 MPH)
Top of the 1st over - 0 runs, 0 hits, 0 errors, 0 left on base; Moscow 0 - Quebec 0
BOTTOM OF THE 1ST
Quebec Fighting Quakers batting - Pitching for Moscow Mules : RHP James Schiller
Pitching: RHP James Schiller
Batting: LHB Kaleb Roelofs 0-0: Called Strike
0-1: Foul Ball, location: 2F
0-2: Foul Ball, location: 2F
0-2: Strikes out swinging
Batting: LHB Neil Fedunina 0-0: Ball
1-0: Ball
2-0: Swinging Strike
2-1: Swinging Strike
2-2: Strikes out swinging
Batting: RHB Evan Bocian 0-0: Ball
1-0: Called Strike
1-1: DOUBLE (Line Drive, 9LS, EV 101.2 MPH)
Batting: LHB Kevyn O'Flynn 0-0: Called Strike
0-1: Ball
1-1: Foul Ball, location: 2F
1-2: Foul Ball, location: 2F
1-2: Foul Ball, location: 2F
1-2: Ball
2-2: 2-RUN HOME RUN (Flyball, 89XD, EV 96.9 MPH), Distance : 382 ft
Batting: RHB Andy Christman 0-0: Ball
1-0: Ground out 5-3 (Groundball, 56S, EV 88.1 MPH)
Bottom of the 1st over - 2 runs, 2 hits, 0 errors, 0 left on base; Moscow 0 - Quebec 2
TOP OF THE 2ND
Moscow Mules batting - Pitching for Quebec Fighting Quakers : RHP Evan LaFreniere
Batting: LHB Austin Anderson 0-0: Foul Ball, location: 2F
0-1: Ball
1-1: Swinging Strike
1-2: Foul Ball, location: 2F
1-2: Ground out 1-3 (Groundball, 34S, EV 66.9 MPH)
Batting: RHB Bailey Madry 0-0: Ball
1-0: Ball
2-0: Called Strike
2-1: Called Strike
2-2: Strikes out swinging
Batting: RHB Shawn Douglas 0-0: Ball
1-0: Ball
2-0: Ball
3-0: Called Strike
3-1: Swinging Strike
3-2: Fly out, F9 (Line Drive, 89M, EV 97.5 MPH)
Top of the 2nd over - 0 runs, 0 hits, 0 errors, 0 left on base; Moscow 0 - Quebec 2
BOTTOM OF THE 2ND
Quebec Fighting Quakers batting - Pitching for Moscow Mules : RHP James Schiller
Batting: LHB Roshown Guillen 0-0: Ball
1-0: Foul Ball, location: 2F
1-1: Called Strike
1-2: Ball
2-2: Foul Ball, location: 2F
2-2: Foul Ball, location: 2F
2-2: SINGLE (Groundball, 4MD, EV 96.2 MPH)
Batting: RHB Charleston Chesney 0-0: Called Strike
0-1: Foul Ball, location: 2F
0-2: Strikes out swinging
Batting: RHB Sean Groom 0-0: Called Strike
Roshown Guillen steals 2nd, throwing error, E2
Roshown Guillen to third
0-1: Ball
1-1: Foul Ball, location: 2F
1-2: SINGLE (Flyball, 3D, EV 92.5 MPH)
Roshown Guillen scores
Batting: RHB Kyle Long 0-0: Ball
1-0: Foul Ball, location: 2F
1-1: Grounds into double play, 4-6-3 (Groundball, 4, EV 106.9 MPH)
Bottom of the 2nd over - 1 run, 2 hits, 1 error, 0 left on base; Moscow 0 - Quebec 3
TOP OF THE 3RD
Moscow Mules batting - Pitching for Quebec Fighting Quakers : RHP Evan LaFreniere
Batting: RHB Amar Giles 0-0: Called Strike
0-1: Swinging Strike
0-2: Ball
1-2: Strikes out swinging
Batting: RHB DeAndrae Sainovic 0-0: Foul Ball, location: 2F
0-1: Ball
1-1: Foul Ball, location: 2F
1-2: Strikes out looking
Batting: RHB Cole Rega 0-0: Ball
1-0: Ball
2-0: Ball
3-0: Base on Balls
Batting: SHB Irv Macura 0-0: Ball
1-0: Swinging Strike
1-1: Foul Ball, location: 2F
1-2: Foul Ball, location: 2F
1-2: Fly out, F5 (Popup, 5SF, EV 85.0 MPH)
Top of the 3rd over - 0 runs, 0 hits, 0 errors, 1 left on base; Moscow 0 - Quebec 3
BOTTOM OF THE 3RD
Quebec Fighting Quakers batting - Pitching for Moscow Mules : RHP James Schiller
Batting: LHB Kaleb Roelofs 0-0: Called Strike
0-1: Swinging Strike
0-2: Ball
1-2: Ball
2-2: Ball
3-2: Foul Ball, location: 2F
3-2: Foul Ball, location: 2F
3-2: Strikes out looking
Batting: LHB Neil Fedunina 0-0: SINGLE (Line Drive, 78M, EV 90.6 MPH)
Batting: RHB Evan Bocian 0-0: Ball
1-0: Called Strike
1-1: Foul Ball, location: 2F
1-2: Foul Ball, location: 2F
1-2: Strikes out looking
Batting: LHB Kevyn O'Flynn Pickoff Throw to First - Out! 1-3
Bottom of the 3rd over - 0 runs, 1 hit, 0 errors, 0 left on base; Moscow 0 - Quebec 3
TOP OF THE 4TH
Moscow Mules batting - Pitching for Quebec Fighting Quakers : RHP Evan LaFreniere
Batting: RHB Vince Fowler 0-0: Fly out, F9 (Flyball, 9LM, EV 91.2 MPH)
Batting: LHB Billy Collins 0-0: Ball
1-0: Ball
2-0: Called Strike
2-1: Foul Ball, location: 2F
2-2: Ball
3-2: Foul Ball, location: 2F
3-2: Foul Ball, location: 2F
3-2: Foul Ball, location: 2F
3-2: Strikes out swinging
Batting: LHB Austin Anderson 0-0: SOLO HOME RUN (Flyball, 9D, EV 91.9 MPH), Distance : 360 ft
Batting: RHB Bailey Madry 0-0: Ball
1-0: Called Strike
1-1: Foul Ball, location: 2F
1-2: DOUBLE (Line Drive, 8RXD, EV 107.5 MPH)
Batting: RHB Shawn Douglas 0-0: Ball
1-0: Swinging Strike
1-1: Ball
2-1: Ball
3-1: Called Strike
3-2: Foul Ball, location: 2F
3-2: Base on Balls
Batting: RHB Amar Giles 0-0: Called Strike
0-1: Ball
1-1: Called Strike
1-2: Ball
2-2: Fly out, F7 (Flyball, 78M, EV 87.5 MPH)
Top of the 4th over - 1 run, 2 hits, 0 errors, 2 left on base; Moscow 1 - Quebec 3
BOTTOM OF THE 4TH
Quebec Fighting Quakers batting - Pitching for Moscow Mules : RHP James Schiller
Batting: LHB Kevyn O'Flynn 0-0: Fly out, F6 (Popup, 6S, EV 84.4 MPH)
Batting: RHB Andy Christman 0-0: Called Strike
0-1: Ball
1-1: Foul Ball, location: 2F
1-2: Strikes out swinging, 2-3 out at first.
Batting: LHB Roshown Guillen 0-0: Swinging Strike
0-1: Ball
1-1: Ball
2-1: Foul Ball, location: 2F
2-2: Foul Ball, location: 2F
2-2: Foul Ball, location: 2F
2-2: Strikes out swinging
Bottom of the 4th over - 0 runs, 0 hits, 0 errors, 0 left on base; Moscow 1 - Quebec 3
TOP OF THE 5TH
Moscow Mules batting - Pitching for Quebec Fighting Quakers : RHP Evan LaFreniere
Batting: RHB DeAndrae Sainovic 0-0: Ball
1-0: Ball
2-0: Ball
3-0: Base on Balls
Batting: RHB Cole Rega 0-0: Foul Ball, location: 2F
0-1: Swinging Strike
DeAndrae Sainovic steals 2nd base
0-2: Strikes out looking
Batting: SHB Irv Macura 0-0: Ball
1-0: SINGLE (Groundball, 25, EV 68.1 MPH) (infield hit)
DeAndrae Sainovic to third
Batting: RHB Vince Fowler 0-0: Ball
1-0: Called Strike
Irv Macura steals 2nd base
1-1: Ball
2-1: Called Strike
2-2: Ground out 5-3 (Groundball, 5, EV 86.9 MPH)
Batting: LHB Billy Collins 0-0: Called Strike
0-1: Ball
1-1: Ball
2-1: Called Strike
2-2: Ball
3-2: Fly out, F8 (Flyball, 8RM, EV 90.6 MPH)
Top of the 5th over - 0 runs, 1 hit, 0 errors, 2 left on base; Moscow 1 - Quebec 3
BOTTOM OF THE 5TH
Quebec Fighting Quakers batting - Pitching for Moscow Mules : RHP James Schiller
Batting: RHB Charleston Chesney 0-0: Ball
1-0: Swinging Strike
1-1: SINGLE (Line Drive, 34D, EV 110.6 MPH)
Batting: RHB Sean Groom 0-0: Ball
1-0: Called Strike
1-1: Foul Ball, location: 2F
1-2: SINGLE (Groundball, 4MD, EV 98.1 MPH)
Charleston Chesney to second
Batting: RHB Kyle Long 0-0: Bunted foul
0-1: Sac Bunt to 15 - play at third, runner OUT! 1-6
Sean Groom to second
Batting: LHB Kaleb Roelofs 0-0: SINGLE (Groundball, 34D, EV 104.4 MPH)
Sean Groom to third
Kyle Long to second
Runner from 3rd tries for Home, throw by RF and OUT! 9-2
Batting: LHB Neil Fedunina 0-0: SINGLE (Line Drive, 34D, EV 112.5 MPH)
Kyle Long to third
Kaleb Roelofs to second
Batting: RHB Evan Bocian 0-0: Ball
1-0: SINGLE (Line Drive, 34, EV 97.5 MPH)
Kyle Long scores
Kaleb Roelofs to third
Neil Fedunina to second
Runner from 3rd tries for Home, SAFE, throw by RF to home
Pitching: RHP Justice Rasberry
Batting: LHB Kevyn O'Flynn 0-0: Ball
1-0: Ball
2-0: Swinging Strike
2-1: Foul Ball, location: 2F
2-2: Strikes out looking
Bottom of the 5th over - 2 runs, 5 hits, 0 errors, 2 left on base; Moscow 1 - Quebec 5
TOP OF THE 6TH
Moscow Mules batting - Pitching for Quebec Fighting Quakers : RHP Evan LaFreniere
Batting: LHB Austin Anderson 0-0: Ball
1-0: SINGLE (Line Drive, 6MD, EV 108.8 MPH)
Batting: RHB Bailey Madry 0-0: Swinging Strike
0-1: Foul Ball, location: 2F
0-2: Strikes out swinging
Batting: RHB Shawn Douglas 0-0: Called Strike
0-1: Called Strike
0-2: Strikes out looking
Batting: RHB Amar Giles 0-0: Called Strike
0-1: Foul Ball, location: 2F
0-2: Fielders Choice at 2nd, 6-4 (Groundball, 6, EV 88.8 MPH)
Top of the 6th over - 0 runs, 1 hit, 0 errors, 1 left on base; Moscow 1 - Quebec 5
BOTTOM OF THE 6TH
Quebec Fighting Quakers batting - Pitching for Moscow Mules : RHP Justice Rasberry
Batting: RHB Andy Christman 0-0: Called Strike
0-1: Ball
1-1: Ball
2-1: Ball
3-1: Swinging Strike
3-2: Strikes out swinging
Batting: LHB Roshown Guillen 0-0: Ball
1-0: SINGLE (Groundball, 4S, EV 72.5 MPH) (infield hit)
Batting: RHB Charleston Chesney 0-0: Ball
1-0: Called Strike
1-1: Swinging Strike
1-2: Strikes out swinging
Batting: RHB Sean Groom 0-0: Called Strike
0-1: Called Strike
0-2: Ball
1-2: Ball
2-2: Foul Ball, location: 2F
2-2: Ground out 5-3 (Groundball, 56S, EV 81.2 MPH)
Bottom of the 6th over - 0 runs, 1 hit, 0 errors, 1 left on base; Moscow 1 - Quebec 5
TOP OF THE 7TH
Moscow Mules batting - Pitching for Quebec Fighting Quakers : RHP Evan LaFreniere
Batting: RHB DeAndrae Sainovic 0-0: Foul Ball, location: 2F
0-1: SINGLE (Groundball, 34D, EV 106.9 MPH)
Batting: RHB Cole Rega 0-0: Called Strike
0-1: Ball
1-1: Ball
2-1: Foul Ball, location: 2F
2-2: SINGLE (Groundball, 56D, EV 101.2 MPH)
DeAndrae Sainovic to second
Batting: SHB Irv Macura 0-0: Reached on error, E7 (Flyball, 78XD, EV 85.0 MPH)
DeAndrae Sainovic scores
Cole Rega to third
Batting: RHB Vince Fowler 0-0: Called Strike
0-1: Ball
1-1: Ball
2-1: Ball
3-1: Fly out, F8 (Flyball, 8LM, EV 94.4 MPH)
Runner from 3rd tags up, SCORES, throw by CF
Pitching: LHP Dolan Porter
Batting: LHB Billy Collins 0-0: Called Strike
0-1: Reached on error, E6 (Groundball, 6, EV 83.1 MPH)
Irv Macura scores
Batting: LHB Austin Anderson 0-0: Ball
1-0: Foul Ball, location: 2F
1-1: Ball
2-1: Swinging Strike
2-2: Ball
3-2: Base on Balls
Batting: RHB Bailey Madry 0-0: Swinging Strike
0-1: Foul Ball, location: 2F
0-2: Ball
1-2: Strikes out swinging
Batting: RHB Shawn Douglas 0-0: Called Strike
0-1: Foul Ball, location: 2F
0-2: Ball
1-2: Ball
2-2: SINGLE (Groundball, 6MD, EV 99.4 MPH)
Billy Collins to third
Austin Anderson to second
Runner from 3rd tries for Home, SAFE, throw by CF to home
Batting: RHB Amar Giles 0-0: Ball
1-0: Called Strike
1-1: 3-RUN HOME RUN (Flyball, 7D, EV 95.6 MPH), Distance : 371 ft
Pitching: RHP Brenden White
Batting: RHB DeAndrae Sainovic 0-0: Ball
1-0: Ball
2-0: Ball
3-0: Called Strike
3-1: SINGLE (Flyball, 89S, EV 87.5 MPH)
Batting: RHB Cole Rega 0-0: Called Strike
0-1: Called Strike
0-2: Foul Ball, location: 2F
0-2: Ball
1-2: Ball
2-2: SINGLE (Groundball, 6MD, EV 98.1 MPH)
DeAndrae Sainovic to second
Batting: SHB Irv Macura 0-0: Called Strike
0-1: Swinging Strike
0-2: Strikes out looking
Top of the 7th over - 7 runs, 6 hits, 2 errors, 2 left on base; Moscow 8 - Quebec 5
BOTTOM OF THE 7TH
Quebec Fighting Quakers batting - Pitching for Moscow Mules : RHP Justice Rasberry
Batting: RHB Kyle Long 0-0: Fly out, F8 (Flyball, 8LD, EV 83.8 MPH)
Batting: LHB Kaleb Roelofs 0-0: Ball
1-0: Ball
2-0: Ball
3-0: Called Strike
3-1: Foul Ball, location: 2F
3-2: Foul Ball, location: 2F
3-2: Base on Balls
Batting: LHB Neil Fedunina 0-0: Foul Ball, location: 2F
0-1: Fly out, F8 (Flyball, 8LD, EV 100.6 MPH)
Batting: RHB Evan Bocian 0-0: Fly out, F8 (Flyball, 8LM, EV 90.6 MPH)
Bottom of the 7th over - 0 runs, 0 hits, 0 errors, 1 left on base; Moscow 8 - Quebec 5
TOP OF THE 8TH
Moscow Mules batting - Pitching for Quebec Fighting Quakers : RHP Brenden White
Batting: RHB Vince Fowler 0-0: Ball
1-0: Ball
2-0: Called Strike
2-1: Foul Ball, location: 2F
2-2: Ball
3-2: Foul Ball, location: 2F
3-2: SINGLE (Groundball, 56D, EV 102.5 MPH)
Batting: LHB Billy Collins 0-0: Called Strike
0-1: Ball
1-1: Ball
2-1: Ball
3-1: Foul Ball, location: 2F
3-2: SINGLE (Groundball, 4MD, EV 103.8 MPH)
Vince Fowler to second
Vince Fowler to third
Batting: LHB Austin Anderson 0-0: Ball
1-0: Called Strike
1-1: Ball
2-1: Foul Ball, location: 2F
2-2: Foul Ball, location: 2F
2-2: Ball
3-2: Strikes out looking
Batting: RHB Bailey Madry 0-0: Ball
1-0: Ball
2-0: Ball
3-0: Base on Balls
Billy Collins to second
Batting: RHB Shawn Douglas 0-0: Ball
1-0: SINGLE (Line Drive, 4MD, EV 95.6 MPH)
Vince Fowler scores
Billy Collins to third
Bailey Madry to second
Pitching: RHP Eddie Kelly
Batting: RHB Amar Giles 0-0: Fly out, F9 (Flyball, 89S, EV 78.8 MPH)
Batting: RHB DeAndrae Sainovic 0-0: Foul Ball, location: 2F
0-1: Foul Ball, location: 2F
0-2: Foul Ball, location: 2F
0-2: Ball
1-2: Ball
2-2: Foul Ball, location: 2F
2-2: Ball
3-2: SINGLE (Groundball, 4MD, EV 108.1 MPH)
Billy Collins scores
Bailey Madry to third
Shawn Douglas to second
Bailey Madry scores
Shawn Douglas to third
Batting: RHB Cole Rega 0-0: Swinging Strike
0-1: Called Strike
0-2: Ball
1-2: Ball
2-2: Foul Ball, location: 2F
2-2: Strikes out looking
Top of the 8th over - 3 runs, 4 hits, 0 errors, 2 left on base; Moscow 11 - Quebec 5
BOTTOM OF THE 8TH
Quebec Fighting Quakers batting - Pitching for Moscow Mules : RHP Justice Rasberry
Batting: LHB Kevyn O'Flynn 0-0: Swinging Strike
0-1: SINGLE (Line Drive, 89S, EV 108.8 MPH)
Batting: RHB Andy Christman 0-0: Ball
1-0: Fly out, F7 (Flyball, 8LS, EV 90.6 MPH)
Batting: LHB Roshown Guillen 0-0: Ball
1-0: Ball
2-0: Swinging Strike
2-1: Ball
3-1: Foul Ball, location: 2F
3-2: Foul Ball, location: 2F
3-2: Foul Ball, location: 2F
3-2: Ground out 5-3 (Groundball, 56, EV 77.5 MPH)
Kevyn O'Flynn to second
Batting: RHB Charleston Chesney 0-0: Ball
1-0: Foul Ball, location: 2F
1-1: Ball
Passed Ball!
Kevyn O'Flynn to third
2-1: Foul Ball, location: 2F
2-2: Ball
3-2: Foul Ball, location: 2F
3-2: SINGLE (Groundball, 56D, EV 103.1 MPH)
Kevyn O'Flynn scores
Batting: RHB Sean Groom 0-0: Ball
1-0: DOUBLE (Flyball, 78XD, EV 106.2 MPH)
Charleston Chesney to third
Runner from 3rd tries for Home, SAFE, throw by LF to home
Pitching: LHP Anthony Haines
Batting: RHB Kyle Long 0-0: Ball
1-0: Ball
2-0: Ball
3-0: Foul Ball, location: 2F
3-1: Base on Balls
Batting: LHB Kaleb Roelofs 0-0: Called Strike
0-1: Ball
1-1: Swinging Strike
1-2: Foul Ball, location: 2F
1-2: Ball
Wild Pitch!
Sean Groom to third
Kyle Long to second
2-2: Foul Ball, location: 2F
2-2: Strikes out looking
Bottom of the 8th over - 2 runs, 3 hits, 0 errors, 2 left on base; Moscow 11 - Quebec 7
TOP OF THE 9TH
Moscow Mules batting - Pitching for Quebec Fighting Quakers : RHP Eddie Kelly
Batting: SHB Irv Macura 0-0: Ball
1-0: Called Strike
1-1: Ball
2-1: Ball
3-1: Base on Balls
Batting: RHB Vince Fowler 0-0: Ball
Irv Macura is caught stealing 2nd base 2-4
1-0: Swinging Strike
1-1: Foul Ball, location: 2F
1-2: Foul Ball, location: 2F
1-2: Ball
2-2: Foul Ball, location: 2F
2-2: Ball
3-2: Ground out 4-3 (Groundball, 4M, EV 79.4 MPH)
Batting: LHB Billy Collins 0-0: Ball
1-0: Called Strike
1-1: Ball
2-1: Ball
3-1: Hit by Pitch
Batting: LHB Austin Anderson 0-0: Swinging Strike
0-1: Foul Ball, location: 2F
0-2: Fielders Choice at 2nd, 6-4 (Groundball, 6, EV 83.1 MPH)
Top of the 9th over - 0 runs, 0 hits, 0 errors, 1 left on base; Moscow 11 - Quebec 7
BOTTOM OF THE 9TH
Quebec Fighting Quakers batting - Pitching for Moscow Mules : LHP Anthony Haines
Batting: LHB Neil Fedunina 0-0: Foul Ball, location: 2F
0-1: Ball
1-1: SINGLE (Line Drive, 6MD, EV 105.6 MPH)
Batting: RHB Evan Bocian 0-0: Ball
Wild Pitch!
Neil Fedunina to second
1-0: Foul Ball, location: 2F
1-1: Swinging Strike
1-2: Ball
2-2: Strikes out swinging
Pinch Hitting: RHB TeMarcus Turner 0-0: Ball
1-0: Ball
2-0: Called Strike
2-1: Ground out 6-3 (Groundball, 6, EV 81.2 MPH)
Batting: RHB Andy Christman 0-0: Foul Ball, location: 2F
0-1: Ball
1-1: Ball
2-1: Swinging Strike
2-2: SINGLE (Groundball, 4MD, EV 101.9 MPH)
Neil Fedunina to third
Pitching: RHP Gary Richardson
Batting: LHB Roshown Guillen 0-0: Called Strike
0-1: Foul Ball, location: 2F
0-2: Ball
1-2: Fielders Choice at 2nd, 6-4 (Groundball, 6, EV 88.1 MPH)
Bottom of the 9th over - 0 runs, 2 hits, 0 errors, 2 left on base; Moscow 11 - Quebec 7
Monday, April 29th , 2024 - OOTP Baseball 23.10 Build 110